 Dungeon Crawl Stone Soup version 0.31-a0-496-g6f97920a28 (webtiles) character file.

Game seed: 3246632865139500020

751 Newt the Changeling (level 7, -1/56 HPs)
             Began as a White Draconian Shapeshifter on Aug 8, 2023.
             Was an Initiate of Okawaru.
             Slain by an orc wizard
             ... wielding a +0 dagger
              (4 damage)
             ... on level 5 of the Dungeon.
             The game lasted 00:04:08 (4292 turns).

Newt the Changeling (White Draconian Shapeshifter)  Turns: 4292, Time: 00:04:09

Health: -1/56      AC:  2    Str: 25    XL:     7   Next: 49%
Magic:  7/7        EV: 12    Int:  8    God:    Okawaru [......]
Gold:   167        SH:  0    Dex: 12    Spells: 6/6 levels left

rFire   . . .        d - +1 whip
rCold   + . .        (no shield)
rNeg    . . .        (body armour unavailable)
rPois   .            (helmet currently unavailable)
rElec   .            (cloak currently unavailable)
rCorr   .            (gloves currently unavailable)
SInv    .            (boots currently unavailable)
Will    .....        (no amulet)
Stlth   +            n - +6 ring of strength
HPRegen 0.29/turn    m - +4 ring of protection
MPRegen 0.10/turn

%: no passive effects
@: about to teleport, short of breath, beast-form, corroded
A: beast (slay +4), breathe frost, AC +6, unfitting armour, cold resistance 1,
cold-blooded
a: Breathe Frost, Begin Untransformation, Renounce Religion


You were on level 5 of the Dungeon.
You worshipped Okawaru.
Okawaru was noncommittal.
You were a hulking beast.
You visited 2 branches of the dungeon, and saw 6 of its levels.

You collected 288 gold pieces.
You spent 121 gold pieces at shops.

Inventory:

Hand Weapons
 d - a +1 whip (weapon)
Armour
 q - a +0 pair of gloves
Jewellery
 a - a ring of ice
 i - a +5 ring of evasion
 m - a +4 ring of protection (right hand)
 n - a +6 ring of strength (left hand)
Talismans
 b - a beast talisman (active)
 c - a flux talisman
 g - a storm talisman
Wands
 r - a wand of mindburst (19)
 s - a wand of iceblast (5)
Scrolls
 f - 3 scrolls of teleportation
 l - a scroll of revelation
 t - a scroll of identify
Potions
 e - a potion of magic
 h - a potion of cancellation
 j - 2 potions of mutation
 k - a potion of curing
 o - a potion of attraction {unknown}
 p - 2 potions of might {unknown}


   Skills:
 - Level 2.9 Fighting
 - Level 2.3 Dodging
 - Level 3.5 Unarmed Combat
 + Level 7.0 Shapeshifting


You had 6 spell levels left.
You didn't know any spells.
Your spell library contained the following spells:

 Spells                   Type           Power      Damage    Failure   Level
 Freeze                   Ice            0%         1d3       41%         1
 Inner Flame              Hex/Fire       0%         N/A       78%         3
 Yara's Violent Unravell  Hex/Tmut       0%         3d3       100%        5
 Enfeeble                 Hex            0%         N/A       100%        7
 Borgnjor's Revivificati  Necr           0%         N/A       100%        8
 Death's Door             Necr           0%         N/A       100%        9
 Haunt                    Necr/Summ      Unusable   N/A       N/A         7

Dungeon Overview and Level Annotations

Branches:
Dungeon (5/15)             Temple (1/1) D:5

Altars:
Ashenzari
Cheibriados
Dithmenos
Elyvilon
Fedhas
Hepliaklqana
Kikubaaqudgha
Makhleb
Nemelex Xobeh
Okawaru
Qazlal
Sif Muna
Trog
Uskayaw
Vehumet
Wu Jian
Xom
Yredelemnul
Zin
The Shining One

Shops:
D:3 !


Innate Abilities, Weirdness & Mutations

You are a hulking beast.
Your limbs bulge with bestial killing power. (Slay +4)
You can breathe waves of freezing cold which knock back foes.
Your icy white scales are hard. (AC +6)
You cannot fit into any form of body armour.
Your flesh is cold resistant. (rC+)
You are cold-blooded and may be slowed by cold attacks.


Message History

The jelly barely misses you. The orc wizard closely misses you.
Your Shapeshifting skill increases to level 7!
Unknown command.
You hit the jelly. The acid corrodes you!
Your hands burn!
The jelly is lightly wounded.
The jelly hits you but does no damage.
The orc wizard hits you with a +0 dagger.
Unknown command.
You hit the jelly.
Your hands burn!
The jelly is moderately wounded.
The jelly hits you.
You are splashed with acid!
The orc wizard hits you but does no damage.
Unknown command.
You whack the jelly! The acid corrodes you!
Your hands burn!
The jelly is severely wounded.
The jelly hits you.
You are splashed with acid!
* * * LOW HITPOINT WARNING * * *
The orc wizard mumbles some strange words.
The orc wizard flickers and vanishes!
Deactivating autopickup; reactivate with Ctrl-A.
Aiming: Mindburst
Press: ? - help, Shift-Dir - straight line, f - you That would be overly suicidal.
Okay, then.
Unknown command.
Aiming: Mindburst
Press: ? - help, Shift-Dir - straight line, f - jelly
Aim: a jelly (severely wounded, not susceptible)
The jelly is unaffected.
The jelly hits you but does no damage. Something hits you.
* * * LOW HITPOINT WARNING * * *
Unknown command.
Unknown command.
As you read the scroll of teleportation, it crumbles to dust.
You feel strangely unstable. The jelly hits you.
* * * LOW HITPOINT WARNING * * *
You are splashed with acid!
* * * LOW HITPOINT WARNING * * *
Something hits you.
You die...

).# ..# #............ ..#
#...........
###########..........
..##......#.........
..#.......#........
..#.......#.......##########
..#.......#....J){#....#...#
..#.......#....)h)#....'...#
..#.......#.......#....#...#
..'......>#.......#....#...#
..#.......#.......#....#...#
..#########.......#....#...#
..................#....#...#
..................###'##...#
...........######......#####
...........'....#......#


You could see a jelly.

Vanquished Creatures
  A black bear (D:4)
  An ogre (D:4)
  A phantom (D:5)
  Blork the orc (D:5)
  A gnoll sergeant (D:4)
  A scorpion (D:5)
  A hound (D:5)
  An orc priest (D:5)
  A jelly (D:5)
  An iguana (D:5)
  An orc wizard (D:5)
  Robin (D:2)
  3 gnolls (D:4)
  6 adders
  A worm (D:2)
  3 dart slugs
  5 orcs (D:3)
  6 ball pythons
  4 endoplasms
  2 giant cockroaches
  15 goblins
  7 hobgoblins
  3 jackals (D:3)
  2 quokkas
  5 bats
  4 frilled lizards
  5 kobolds
  2 rats
85 creatures vanquished.

Vanquished Creatures (others)
  An orc (D:5)
1 creature vanquished.

Grand Total: 86 creatures vanquished

Notes
Turn   | Place    | Note
-------+----------+-------------------------------------------
     0 | D:1      | Newt the Draconian Shapeshifter began the quest for the
                  | Orb.
     0 | D:1      | Reached XP level 1. HP: 16/16 MP: 1/1
    45 | D:1      | Found a faded altar of an unknown god.
    58 | D:1      | Reached XP level 2. HP: 22/23 MP: 2/2
    65 | D:1      | Got Plato's Compilation of Ice
   611 | D:2      | Noticed Robin
   622 | D:2      | Reached XP level 3. HP: 12/29 MP: 3/3
   648 | D:2      | Killed Robin
  1078 | D:2      | You fall into a shaft and drop 1 floor!
  1115 | D:3      | Reached XP level 4. HP: 35/37 MP: 4/4
  1856 | D:3      | Found Oran's Distillery.
  1866 | D:3      | Bought a potion of mutation for 88 gold pieces
  1866 | D:3      | Bought a potion of curing for 33 gold pieces
  2676 | D:4      | Noticed an ogre
  2686 | D:4      | Killed an ogre
  2687 | D:4      | Reached skill level 4 in Shapeshifting
  2687 | D:4      | Reached XP level 5. HP: 44/44 MP: 5/5
  2902 | D:4      | Noticed a black bear
  2915 | D:4      | Killed a black bear
  2916 | D:4      | Reached skill level 5 in Shapeshifting
  2916 | D:4      | Reached XP level 6. HP: 23/50 MP: 6/6
  3745 | D:5      | Entered Level 5 of the Dungeon
  3769 | D:5      | Reached skill level 6 in Shapeshifting
  3827 | D:5      | Your scales start taking on an icy white colour.
  3827 | D:5      | Reached XP level 7. HP: 42/56 MP: 7/7
  3827 | D:5      | Gained mutation: Your flesh is cold resistant. (rC+) [White
                  | Draconian growth]
  3969 | D:5      | Found a staircase to the Ecumenical Temple.
  3975 | Temple   | Entered the Ecumenical Temple
  3994 | Temple   | Became a worshipper of Warmaster Okawaru
  4081 | D:5      | Noticed Blork the orc
  4095 | D:5      | Killed Blork the orc
  4288 | D:5      | Reached skill level 7 in Shapeshifting
  4292 | D:5      | Slain by an orc wizard

Illustrated notes

Levels and vault maps discovered:
D:1:      saegor_arrival_miasma, layout_rooms,
          shapermc_ecumenical_altar_rom_forum, hangedman_decor_lopped
D:2:      layout_basic, st_stairs_10, uniq_robin
D:3:      layout_basic, serial_shops, nicolae_shop_industrial_runoff,
          corexii_corridor_pit
D:4:      layout_gridville, item_on_display_a
D:5:      layout_gridville, temple_statues, uniq_blork_the_orc
Temple:   nicolae_temple_slightly_damp_pantheon

Skill      XL: |  1  2  3  4  5  6  7 |
---------------+----------------------+-----
Dodging        | 2 |  2.3
Fighting       | 2 |  2.9
Shapeshifting  | 4 5 6 7 |  7.0
Unarmed Combat | |  3.5

Action                     |  1- 3 |  4- 6 |  7- 9 || total
---------------------------+-------+-------+-------++-------
  Melee: Whip              |   104 |   139 |    41 ||   284
         Unarmed           |     8 |       |       ||     8
         Tailslap          |    11 |    18 |     4 ||    33
         Punch             |       |     7 |     1 ||     8
Ability: Breathe Frost     |       |       |     1 ||     1
  Evoke: Wand              |       |     1 |     1 ||     2
    Use: Scroll            |     7 |     4 |     1 ||    12
         Potion            |     1 |       |       ||     1
   Stab: Sleeping          |       |     1 |       ||     1
 Armour: Skin              |    62 |    57 |    17 ||   136
  Dodge: Dodged            |    60 |   102 |    32 ||   194

Table legend: (Time is in decaauts)
 A = Elapsed time spent in this place.
 B = Non-inter-level travel time spent in this place.
 C = Inter-level travel time spent in this place.
 D = Time resting spent in this place.
 E = Time spent auto-exploring this place.
 F = Levels seen in this place.
 G = Mean time per level.
                   A        B        C        D        E       F      G
               +--------+--------+--------+--------+--------+-----+--------+
         Total |   4319 |   4178 |    141 |    999 |   2551 |   6 |  719.8 |
       Dungeon |   4280 |   4176 |    104 |    999 |   2551 |   5 |  856.0 |
        Temple |     38 |      1 |     37 |      0 |      0 |   1 |   38.0 |
               +--------+--------+--------+--------+--------+-----+--------+

Top non-repeatable levels by time:
     D:4: 1276 daAuts
     D:2: 1061 daAuts
     D:3: 823 daAuts
     D:1: 605 daAuts
     D:5: 514 daAuts
  Temple: 38 daAuts
